 Dungeon Crawl Stone Soup version 0.31-a0-879-g1609e0ac53 (webtiles) character file.

Game seed: 14609206300660520668

1703029 Sergey the Skinwalker (level 25, 238/238 HPs)
             Began as a Pale Draconian Shapeshifter on Oct 14, 2023.
             Was an Initiate of Gozag.
             Escaped with the Orb
             ... and 3 runes!
             The game lasted 02:20:14 (64018 turns).

Sergey the Skinwalker (DrSh)                       Turns: 64018, Time: 02:20:15

Health: 238/238    AC: 12    Str: 36    XL:     25   Next: 44%
Magic:  30/30      EV: 49    Int: 13    God:    Gozag
Gold:   1020       SH:  0    Dex: 22    Spells: 20/34 levels left

rFire   + +          .
                       - Unarmed
rCold   . . .        g - melded +1 buckler {AC+3}
rNeg    + . .        (body armour unavailable)
rPois   ∞            p - melded +2 hat {Stlth+}
rElec   +            y - melded +2 cloak {Will+}
rCorr   .            (gloves currently unavailable)
SInv    .            H - melded +2 pair of boots
Will    ++++.        R - amulet of the Devil's Advocate {Acrobat Drain Will+++ Str+7}
Stlth   +            z - ring "Huapy" {rF+ Str+6 Dex+3, =R}
HPRegen 0.59/turn    d - ring "Galimunt" {rF+ rN+ Str+5 Slay+2}
MPRegen 0.22/turn

%: acrobat
@: storm-form, flying, hasted, studying 2 skills, very quick
A: cleaving, insubstantial, flying, (breathe steam), AC +12, unfitting armour,
(cold-blooded), (steam resistance)
0: Orb of Zot
}: 3/15 runes: serpentine, barnacled, silver
a: Blinkbolt, Begin Untransformation, Renounce Religion, Potion Petition, Call
Merchant, Bribe Branch


You escaped.
You worshipped Gozag.
Gozag was most pleased with you.
You were a lightning-filled tempest!
You visited 10 branches of the dungeon, and saw 50 of its levels.
You also visited: Trove, Bailey, Gauntlet and Desolation.

You collected 29708 gold pieces.
You spent 8771 gold pieces at shops.
You paid 19917 gold pieces to Gozag.

Inventory:

Missiles
 I - 12 curare-tipped darts
 L - 7 throwing nets
Armour
 g - a +1 buckler of protection (melded)
 p - a +2 hat of stealth (melded)
 y - a +2 cloak of willpower (melded)
 H - a +2 pair of boots (melded)
Jewellery
 d - the ring "Galimunt" (right fist) {rF+ rN+ Str+5 Slay+2}
   (You took it off an ancient champion on level 3 of the Crypt)

   [ring of positive energy]

   Str+5:     It affects your strength (+5).
   Slay+2:    It affects your accuracy & damage with ranged weapons and melee
   (+2).
   rF+:       It protects you from fire.
   rN+:       It protects you from negative energy.
 f - a ring of protection from cold
 j - the ring "Bynalem" {Will+ AC+4}
   (You bought it in a shop on level 2 of the Shoals)

   [ring of protection]

   AC+4:      It affects your AC (+4).
   Will+:     It increases your willpower.
 m - the amulet "Noygop" {Acrobat rN+++ Str+3 Int-3 Dex+2}
   (You took it off a deep elf annihilator on level 3 of the Elven Halls)

   [amulet of the acrobat]

   Acrobat:   It increases your evasion while moving and waiting.
   Str+3:     It affects your strength (+3).
   Int-3:     It affects your intelligence (-3).
   Dex+2:     It affects your dexterity (+2).
   rN+++:     It renders you almost immune to negative energy.
 q - the amulet "Bos Waff" {rPois Regen+ Dex+3}
   (You found it on level 1 of the Crypt)

   [amulet of regeneration]

   Dex+3:     It affects your dexterity (+3).
   rPois:     It protects you from poison Regen+: It increases your rate of
   health regeneration.
 r - the ring of Heresy {rPois rF+ Int+7 Dex+6}
   (You found it in a treasure trove)

   [ring of dexterity]

   Int+7:     It affects your intelligence (+7).
   Dex+6:     It affects your dexterity (+6).
   rF+:       It protects you from fire.
   rPois:     It protects you from poison
 w - the ring "Zamittega" {Fire rPois rN++ rCorr Dex-3}
   (You found it in the Desolation of Salt)

   [ring of fire]

   Fire:      It enhances your fire magic.
   Dex-3:     It affects your dexterity (-3).
   rF+:       It protects you from fire.
   rC-:       It makes you vulnerable to cold.
   rPois:     It protects you from poison rN++: It greatly protects you from
   negative energy.
   rCorr:     It protects you from acid and corrosion.
 z - the ring "Huapy" (left fist) {rF+ Str+6 Dex+3, =R}
   (You bought it in a shop on level 4 of the Vaults)

   [ring of strength]

   Str+6:     It affects your strength (+6).
   Dex+3:     It affects your dexterity (+3).
   rF+:       It protects you from fire.
 C - a +5 ring of protection
 R - the amulet of the Devil's Advocate (around neck) {Acrobat Drain Will+++ Str+7}
   (You bought it in a shop on level 4 of the Vaults)

   [amulet of the acrobat]

   Acrobat:   It increases your evasion while moving and waiting.
   Str+7:     It affects your strength (+7).
   Will+++:   It greatly increases your willpower.
   Drain:     It drains your maximum health when unequipped.
Talismans
 D - a storm talisman (active)
 J - a granite talisman
Wands
 c - a wand of acid (24)
 i - a wand of iceblast (25)
 v - a wand of digging (11)
 x - a wand of paralysis (35)
Scrolls
 b - 4 scrolls of immolation
 e - 3 scrolls of enchant armour
 h - 31 scrolls of teleportation {@r3}
 l - 7 scrolls of vulnerability {!r}
 A - 2 scrolls of silence {!r}
 M - 2 scrolls of fear
 N - a scroll of summoning {!r}
 O - 2 scrolls of enchant weapon
 Q - 2 scrolls of revelation {@r5}
Potions
 a - 10 potions of lignification
 k - 12 potions of brilliance
 n - 6 potions of might {@q3}
 o - 2 potions of enlightenment
 t - 6 potions of mutation
 E - 4 potions of haste {@q5}
 F - 2 potions of resistance
 G - 8 potions of heal wounds {@q1}
 S - 3 potions of magic
 U - 5 potions of ambrosia
 V - 8 potions of cancellation
 W - 4 potions of attraction
 Y - 5 potions of curing {@q2}
Miscellaneous
 u - a phial of floods
 B - a tin of tremorstones (2/2)
 K - a phantom mirror
 P - a lightning rod (4/4)


   Skills:
 + Level 22.2 Fighting
 - Level 2.0 Throwing
 + Level 20.9 Dodging
 - Level 2.0 Stealth
 + Level 22.0 Unarmed Combat
 - Level 5.0 Spellcasting
 - Level 9.0 Summonings
 - Level 9.0 Translocations
 - Level 6.0 Transmutations
 - Level 7.0 Air Magic
 - Level 10.0 Evocations
 - Level 23.0 Shapeshifting


You had 20 spell levels left.
You knew the following spells:

 Your Spells              Type           Power      Damage    Failure   Level
a - Wereblood             Tmut           18%        N/A       2%          2
e - Blink                 Tloc           52%        N/A       1%          2
f - Summon Forest         Summ/Tloc      13%        N/A       13%         5
j - Apportation           Tloc           52%        N/A       1%          1
r - Summon Lightning Spi  Summ/Air       24%        N/A       7%          4

Your spell library contained the following spells:

 Spells                   Type           Power      Damage    Failure   Level
 Summon Small Mammal      Summ           100%       N/A       1%          1
 Call Imp                 Summ           52%        N/A       1%          2
 Lesser Beckoning         Tloc           52%        N/A       1%          2
 Call Canine Familiar     Summ           26%        N/A       1%          3
 Gell's Gravitas          Tloc           26%        N/A       1%          3
 Teleport Other           Tloc           26%        N/A       1%          3
 Swiftness                Air            21%        N/A       3%          3
 Shock                    Conj/Air       48%        1d6       4%          1
 Momentum Strike          Conj/Tloc      28%        3d8       4%          2
 Manifold Assault         Tloc           26%        N/A       4%          4
 Static Discharge         Conj/Air       24%        2-3/arc   7%          2
 Passwall                 Tmut/Erth      9%         N/A       9%          2
 Summon Guardian Golem    Hex/Summ       14%        N/A       9%          3
 Volatile Blastmotes      Fire/Tloc      28%        2d12      9%          3
 Airstrike                Air            10%        2d(2-18)  11%         4
 Freeze                   Ice            12%        1d3       19%         1
 Magic Dart               Conj           12%        1d3       19%         1
 Necrotise                Necr           12%        1d4       19%         1
 Sandblast                Erth           6%         2d5       19%         1
 Slow                     Hex            12%        N/A       19%         1
 Mephitic Cloud           Conj/Pois/Air  9%         N/A       22%         3
 Ignite Poison            Fire/Tmut/Pois 8%         N/A       24%         3
 Ensorcelled Hibernation  Hex/Ice        6%         N/A       28%         2
 Jinxbite                 Hex            6%         N/A       28%         2
 Searing Ray              Conj           6%         2d4       28%         2
 Dimensional Bullseye     Hex/Tloc       7%         N/A       28%         4
 Iskenderun's Mystic Bla  Conj/Tloc      14%        2d5       28%         4
 Petrify                  Tmut/Erth      11%        N/A       47%         4
 Confusing Touch          Hex            3%         N/A       50%         3
 Dazzling Flash           Conj/Hex       6%         N/A       50%         3
 Frozen Ramparts          Ice            6%         1d1       50%         3
 Hailstorm                Conj/Ice       3%         3d3       50%         3
 Inner Flame              Hex/Fire       3%         N/A       50%         3
 Ozocubu's Armour         Ice            3%         N/A       50%         3
 Sigil of Binding         Hex            3%         N/A       50%         3
 Stone Arrow              Conj/Erth      6%         3d7       50%         3
 Tukima's Dance           Hex            3%         N/A       50%         3
 Vampiric Draining        Necr           3%         2d6       50%         3
 Summon Cactus Giant      Summ           13%        N/A       56%         6
 Summon Mana Viper        Hex/Summ       14%        N/A       63%         5
 Silence                  Hex/Air        6%         N/A       77%         5
 Alistair's Intoxication  Tmut/Pois      7%         N/A       83%         5
 Irradiate                Conj/Tmut      5%         3d13      83%         5
 Anguish                  Hex/Necr       1%         N/A       88%         4
 Brom's Barrelling Bould  Conj/Erth      3%         2d3       88%         4
 Cause Fear               Hex            1%         N/A       88%         4
 Dispel Undead            Necr           3%         3d7       88%         4
 Flame Wave               Conj/Fire      3%         2d5       88%         4
 Leda's Liquefaction      Hex/Erth       1%         N/A       88%         4
 Sticky Flame             Conj/Fire      3%         2d3       88%         4
 Summon Hydra             Summ           13%        N/A       98%         7
 Agony                    Necr           3%         N/A       99%         5
 Borgnjor's Vile Clutch   Necr/Erth      1%         N/A       99%         5
 Fireball                 Conj/Fire      1%         3d3       99%         5
 Lee's Rapid Deconstruct  Erth           1%         3d4*      99%         5
 Metabolic Englaciation   Hex/Ice        1%         N/A       99%         5
 Bombard                  Conj/Erth      1%         9d1       100%        6
 Conjure Ball Lightning   Conj/Air       6%         3x3d6     100%        6
 Eringya's Noxious Bog    Tmut/Pois      5%         4d6       100%        6
 Starburst                Conj/Fire      1%         6d3       100%        6
 Haunt                    Necr/Summ      7%         N/A       100%        7
 Orb of Destruction       Conj           1%         9d5       100%        7
 Spellforged Servitor     Conj/Summ      7%         N/A       100%        7
 Discord                  Hex            1%         N/A       100%        8
 Disjunction              Tloc           13%        N/A       100%        8
 Ignition                 Fire           1%         3d3       100%        8
 Infestation              Necr           1%         N/A       100%        8
 Maxwell's Capacitive Co  Air            10%        ∞         100%        8
 Chain Lightning          Conj/Air       6%         3d8       100%        9
 Death's Door             Necr           1%         N/A       100%        9
 Dragon's Call            Summ           13%        N/A       100%        9
 Fire Storm               Conj/Fire      1%         8d1       100%        9
 Polar Vortex             Ice            1%         N/A       100%        9
 Shatter                  Erth           1%         3d6*      100%        9
 Sublimation of Blood     Necr           Unusable   N/A       N/A         2
 Animate Dead             Necr           Unusable   N/A       N/A         4
 Simulacrum               Ice/Necr       Unusable   N/A       N/A         6

Dungeon Overview and Level Annotations

Branches:
Dungeon (15/15)            Temple (0/1) D:7            Lair (5/5) D:9
 Shoals (4/4) Lair:2        Snake (4/4) Lair:2        Slime (0/5) Lair:4
    Orc (2/2) D:11            Elf (3/3) Orc:2        Vaults (5/5) D:14
  Crypt (3/3) Vaults:2       Tomb (0/3) Crypt:3      Depths (4/4) D:15
    Zot (5/5) Depths:4     Bailey (visited)         Desolation (visited)
Gauntlet (visited)

Altars:
Ashenzari
Elyvilon
Fedhas
Gozag
Kikubaaqudgha
Makhleb
Okawaru
Qazlal
Sif Muna
Trog
Uskayaw
Vehumet
Wu Jian
Xom
Yredelemnul
Zin
The Shining One
Jiyva

Shops:
D:5 **   D:7 *   D:10 :   D:11 ([   Orc:2 [[(:*   Elf:1 [   Elf:2 :   Lair:2 *
Lair:3 [[   Lair:5 =*   Shoals:2 ==   Snake:4 *   Vaults:1 (   Vaults:4 =
Depths:4 ::=

Portals:
Hell: Depths:1 Depths:2 Depths:3 Depths:4
Pandemonium: Depths:1 Depths:2 Depths:3
Ziggurat: Depths:4

Annotations:
D:5 1 runed translucent door, 2 transporters, Crazy Yiuf
D:12 2 transporters, Myibo's ghost, journeyman MiBe
D:13 2 transporters, flestrin's ghost, journeyman GrFi
D:14 1 runed translucent door, Viosuam's ghost, journeyman GrEE
Lair:4 2 transporters, Okey's ghost, journeyman DDFi
Lair:5 exclusion: oklob plant
Shoals:1 1 runed translucent door, 1 exclusion, Yohl's ghost, journeyman SpWr
Snake:1 3 runed translucent doors, Vorhees's ghost, adept GnDe
Elf:2 3 runed translucent doors
Crypt:3 exclusion: 3 doors
Depths:1 3 runed translucent doors, Pojesatusi's ghost, adept HOMo
Depths:3 Vv
Zot:3 exclusion: 3 upstairs


Innate Abilities, Weirdness & Mutations

You are a lightning-filled tempest!
Your electrical attacks strike out in all directions at once.
You are incredibly evasive.
Your insubstantial body is immune to petrification, constriction, and being set on fire You are flying.
Your armour is entirely melded.
You are incapable of wielding weapons or throwing items.
((You can breathe blasts of scalding, opaque steam.))
((Your pale cyan-grey scales are hard. (AC +12)))
You cannot fit into any form of body armour.
You are immune to poison.
((You are cold-blooded and may be slowed by cold attacks.))
((You are immune to the effects of steam.))


Message History

There is a stone staircase leading down here.
There is a stone staircase leading up here.
You fly upwards.
There is a stone staircase leading down here.
A Brimstone Fiend comes into view.
There is an open door here.
The shock of your passage hits the Brimstone Fiend!
The Brimstone Fiend is lightly wounded.
You blink.
You completely miss the Brimstone Fiend.
The Brimstone Fiend is lightly wounded.
You blast the Brimstone Fiend!!!
Your punch misses the Brimstone Fiend.
The Brimstone Fiend is heavily wounded.
The Brimstone Fiend closely misses you.
The Brimstone Fiend completely misses you. x2
You blast the Brimstone Fiend!!!!
You kill the Brimstone Fiend!
There is a stone staircase leading up here.
You fly upwards.
There is a stone staircase leading down here.
You feel energetic enough to blinkbolt again.
A Noyveuss, a lich, a small abomination and an ancient lich come into view.
Blink to where?
Press: ? - help, Dir - move target
As you read the scroll of blinking {@r4}, it crumbles to dust.
Noyveuss moves out of view.
The ancient lich moves out of view.
You feel yourself speed up.
Blink to where?
Press: ? - help, Dir - move target
As you read the scroll of blinking {@r4}, it crumbles to dust.
Aiming: Dig
Press: ? - help, Shift-Dir - straight line, f - you Please select a direction to dig.
This square is covered in magical glow.
The rock shatters into small pieces.
Blink to where?
Press: ? - help, Dir - move target
As you read the scroll of blinking {@r4}, it crumbles to dust.
Unknown command.
You have escaped!

#.###.#.#..........########.####...
#.#...#.#......##................#.
#..............##########.########.
#.......######## ##.####§## #.
##....### ##..#.#.## ##. #....#
#...##...# ###.. #....#
##........## ###.... #...##
#....##....###...#.. #...##
#.v.#####...#...##.. #....# #...##
###...##...# #....# ##...##
#.........## #....#
##...###....###### #....#
###.....#### #....# #######
#....##### #........# #........#


There were no monsters in sight!

Vanquished Creatures
  A dread lich (Crypt:3)
  2 orbs of fire (Zot:5)
  Sojobo (Vaults:4)
  Bai Suzhen (Elf:3)
  Xtahua (Vaults:4)
  Vashnia (Snake:2)
  4 Killer Klowns
  5 curse toes
  Margery (Depths:3)
  7 golden dragons
  Nikola (Snake:1)
  A profane servitor (Crypt:3)
  Norris (Vaults:4)
  An electric golem (Zot:5)
  A Brimstone Fiend (D:2)
  A Tzitzimitl (D:15)
  Zenata (Elf:2)
  14 tentacled monstrosities
  A walking earthen tome (Depths:4)
  A titan (Vaults:5)
  7 Orb Guardians (Zot:5)
  3 liches
  8 quicksilver dragons
  4 deep elf master archers (Elf:3)
  3 deep elf blademasters (Elf:3)
  3 ancient champions (Crypt:3)
  A death cob (Zot:5)
  Gastronok (Lair:3)
  2 sphinxes
  Agnes (Snake:2)
  9 shadow dragons
  Ilsuiw (Shoals:4)
  A revenant (Crypt:1)
  A draconian monk (Zot:2)
  4 tengu reavers
  Donald (Elf:3)
  6 storm dragons
  6 nagarajas
  5 draconian knights
  An emperor scorpion (D:15)
  2 draconian scorchers
  3 fire giants
  3 iron dragons
  6 frost giants
  Louise (D:14)
  17 vault wardens
  An imperial myrmidon (Desolation)
  6 deep elf sorcerers
  A ghost moth (Zot:4)
  3 balrugs
  2 draconian stormcallers
  3 deep elf elementalists (Elf:3)
  2 draconian shifters
  5 angels
  A draconian annihilator (Zot:3)
  9 ghouls
  3 orc warlords
  A reaper (Crypt:3)
  2 war gargoyles
  A demonspawn blood saint (D:13)
  18 stone giants
  A spriggan defender (Depths:4)
  2 formless jellyfish
  19 very ugly things
  18 ironbound preservers
  3 vampire knights
  8 ironbound thunderhulks
  5 green draconians
  Azrael (Snake:2)
  2 black draconians
  7 deep elf demonologists
  6 yellow draconians
  2 purple draconians
  15 dire elephants
  7 red draconians
  15 deep elf annihilators
  6 white draconians
  A spark wasp (Depths:2)
  4 halazid warlocks (Desolation)
  2 minotaurs
  8 jiangshi
  An ettin (shapeshifter) (Vaults:5)
  5 crystal guardians
  6 eidola
  2 pearl dragon zombies (Crypt:3)
  7 ettins
  5 merfolk impalers
  A blizzard demon (Depths:4)
  4 deep elf death magi
  A green death (Depths:4)
  3 merfolk javelineers (Shoals:4)
  10 ragged hierophants (Desolation)
  4 great orbs of eyes
  Josephine (D:12)
  5 deep elf high priests
  4 rakshasas
  10 fire dragons
  12 yaktaur captains
  6 ice dragons
  8 peacekeepers
  4 salamander tyrants (Snake:4)
  7 servants of whispers (Desolation)
  2 hydras
  An ice dragon (shapeshifter) (Vaults:5)
  22 vault guards
  2 entropy weavers
  A spriggan air mage (Depths:4)
  An ogre mage (Vaults:5)
  3 merfolk avatars
  Erica (D:10)
  14 anacondas
  A catoblepas (Lair:1)
  A fenstrider witch skeleton (Crypt:3)
  4 two-headed ogres
  12 boulder beetles
  2 alligator snapping turtles (Shoals:4)
  18 centaur warriors
  22 dancing weapons
  4 deep troll shamans
  5 death knights
  13 naga warriors
  12 ironbound frosthearts
  7 merfolk aquamancers
  A sphinx skeleton (Depths:1)
  A deep troll earth mage (Depths:2)
  10 hell hogs
  5 death yaks
  6 tengu warriors
  5 vampire magi
  4 hell knights
  A bennu skeleton (Crypt:3)
  Urug (Orc:2)
  4 orc high priests
  4 sun demons (D:8)
  5 deep elf knights
  18 naga sharpshooters
  14 shock serpents
  9 skysharks
  2 soul eaters (Crypt:3)
  26 skeletal warriors
  2 shadow wraiths (Crypt:3)
  Nergalle (Lair:3)
  A goliath frog (shapeshifter) (Vaults:5)
  2 iron trolls
  7 salamander mystics
  6 flayed ghosts
  6 naga ritualists
  A sixfirhy (D:9)
  A glowing orange brain (Depths:3)
  47 deep trolls
  7 deep elf archers
  11 sea snakes
  A glowing orange brain (shapeshifter) (Vaults:5)
  A shadow dragon zombie (Crypt:3)
  20 deep elf zephyrmancers
  11 wizards
  10 mana vipers
  27 deep elf pyromancers
  An iron dragon zombie (Depths:2)
  11 phantasmal warriors
  4 necromancers
  13 lindwurms
  22 ironbound convokers
  11 orc knights
  A wolf spider (Lair:5)
  34 harpies
  6 orc sorcerers
  3 fauns (Shoals:2)
  9 cyclopes
  35 ugly things
  A stone giant zombie (Crypt:1)
  18 salamanders
  5 moths of wrath
  2 elephants (shapeshifter) (Vaults:5)
  15 manticores
  A guardian serpent (shapeshifter) (Elf:1)
  13 merfolk sirens
  11 naga magi
  A frost giant skeleton (Depths:1)
  7 guardian serpents
  2 rust devils
  25 elephants
  A torpor snail (Lair:3)
  9 water nymphs
  48 black mambas
  4 apis skeletons (Crypt:3)
  15 vault sentinels
  A minotaur zombie (Gauntlet)
  2 unseen horrors (D:12)
  21 cane toads
  A naga skeleton (Crypt:3)
  A death yak zombie (Crypt:1)
  11 komodo dragons
  A rime drake (Lair:1)
  4 freezing wraiths
  43 yaktaurs
  2 efreet
  A catoblepas skeleton (Crypt:3)
  6 tengu conjurers
  6 meliai
  An ice devil (Depths:2)
  5 guardian mummies (Crypt:3)
  A hydra zombie (Crypt:1)
  An orb spider zombie (Crypt:1)
  A hellwing (Depths:2)
  A queen bee (Lair:5)
  5 trolls
  10 wind drakes
  A troll (shapeshifter) (D:15)
  17 merfolk
  5 hornets
  62 saltlings (Desolation)
  12 polar bears
  2 raiju (Lair:5)
  3 blink frogs (Lair:4)
  An ettin zombie (Vaults:1)
  11 snapping turtles
  2 spriggan zombies
  8 slime creatures
  8 dream sheep
  6 flying skulls
  Sigmund (D:5)
  A culicivora (shapeshifter) (Elf:2)
  3 air elementals
  A satyr skeleton (Crypt:1)
  A shadow (D:12)
  2 spriggans (Depths:4)
  9 wraiths
  A wind drake zombie (Crypt:2)
  12 water elementals
  18 wyverns
  4 basilisks
  2 ynoxinuls
  A steam dragon (D:8)
  34 yaks
  2 vampire mosquitoes (D:12)
  A wind drake skeleton (Crypt:2)
  2 elf skeletons (Vaults:1)
  5 fire elementals
  A chaos spawn (Depths:2)
  A swamp worm (shapeshifter) (Elf:3)
  2 redbacks (Lair:5)
  A demonspawn zombie (Crypt:3)
  9 wargs
  32 nagas
  A glowing shapeshifter zombie (Depths:2)
  20 hell hounds
  2 acid dragons
  19 water moccasins
  Duvessa (D:6)
  A glowing shapeshifter skeleton (Crypt:3)
  A lindwurm zombie (Crypt:1)
  3 sky beasts
  18 black bears
  3 ice beasts
  38 orc warriors
  13 boggarts
  26 wolves
  5 ogres
  A tengu (shapeshifter) (Vaults:5)
  11 centaurs
  A hog zombie (Crypt:1)
  A snapping turtle skeleton (Crypt:1)
  5 nameless horrors
  10 kobold brigands
  2 gnoll sergeants
  Blork the orc (Orc:2)
  19 bullfrogs
  3 necrophages (Crypt:3)
  A cyclops zombie (Crypt:2)
  3 earth elementals
  A wyvern zombie (Crypt:3)
  2 scorpions
  A wyvern skeleton (Crypt:2)
  A polar bear zombie (Crypt:3)
  5 wights
  Dowan (D:6)
  A water moccasin skeleton (Crypt:3)
  31 killer bees
  4 electric eels
  A howler monkey (D:9)
  2 jellies
  A human zombie (Crypt:2)
  17 orc priests
  4 hounds
  2 sleepcaps
  5 iguanas
  2 iron imps (Gauntlet)
  28 orc wizards
  7 mummies (Crypt:3)
  13 gnolls
  10 adders
  A shadow imp (D:5)
  2 white imps (D:5)
  An ufetubus (D:5)
  An iguana zombie (Crypt:2)
  A jelly zombie (Crypt:2)
  A lava snake skeleton (Crypt:3)
  A lava snake zombie (Crypt:1)
  A worm (D:1)
  4 dart slugs
  93 orcs
  4 ball pythons
  4 endoplasms
  3 giant cockroaches
  10 hobgoblins
  A jackal (D:1)
  38 kobolds
  2 quokkas (D:4)
  A bat (D:2)
  3 frilled lizards
  5 goblins
  2 orc skeletons
  8 rats
  A rat zombie (Crypt:2)
  A butterfly (D:7)
2143 creatures vanquished.

Vanquished Creatures (collateral kills)
  A golden dragon (Vaults:5)
  A tentacled monstrosity (Vaults:5)
  Roxanne (Snake:1)
  A shadow dragon (Vaults:5)
  3 vault wardens
  2 very ugly things (Vaults:4)
  2 stone giants
  An ironbound thunderhulk (Vaults:3)
  A red draconian (Depths:4)
  A bunyip (shapeshifter) (Vaults:5)
  A crystal guardian (Vaults:4)
  A yaktaur captain (Vaults:5)
  A vault guard (Vaults:4)
  An ogre mage (Vaults:5)
  An ironbound frostheart (Vaults:3)
  2 two-headed ogres (Vaults:5)
  A merfolk aquamancer (Shoals:4)
  4 deep trolls
  A phantasmal warrior (Vaults:5)
  An ironbound convoker (Vaults:4)
  An ugly thing (Vaults:1)
  2 black mambas (Snake:4)
  A naga mage (Snake:4)
  A yaktaur (Vaults:1)
  A merfolk (Shoals:4)
  A tarantella (Vaults:4)
  A water elemental (Shoals:3)
  A redback (Vaults:4)
  A naga (Snake:1)
  An elf simulacrum (Vaults:1)
  An orc (Vaults:5)
  A frilled lizard (shapeshifter) (Vaults:5)
41 creatures vanquished.

Vanquished Creatures (others)
  A dread lich (Vaults:5)
  A tentacled monstrosity (Vaults:5)
  11 Orb Guardians (Zot:5)
  An Executioner (Zot:5)
  A tengu reaver (Vaults:5)
  A storm dragon (Vaults:5)
  A fire giant (Depths:2)
  A draconian scorcher (Zot:2)
  2 vault wardens (Vaults:5)
  An ironbound preserver (Vaults:5)
  2 stone giants (Vaults:5)
  A yellow draconian (Zot:2)
  2 ettins (Vaults:5)
  A yaktaur captain (Vaults:5)
  Harold (D:14)
  A deep elf high priest (Vaults:5)
  11 vault guards (Vaults:5)
  A two-headed ogre (Vaults:5)
  A deep troll earth mage (Vaults:5)
  A deep elf knight (Elf:3)
  A shadow wraith (Vaults:5)
  A sixfirhy (Zot:5)
  3 deep trolls (Vaults:5)
  4 ironbound convokers (Vaults:5)
  A yaktaur (Vaults:5)
  An ice devil (Zot:5)
  An orc warrior (Vaults:5)
  An ogre (Vaults:5)
  A howler monkey (D:8)
  An orc wizard (Orc:2)
  9 snaplasher vines
  4 tentacles (Shoals:2)
71 creatures vanquished.

Grand Total: 2255 creatures vanquished

Notes
Turn   | Place    | Note
-------+----------+-------------------------------------------
     0 | D:1      | Sergey the Draconian Shapeshifter began the quest for the
                  | Orb.
     0 | D:1      | Reached XP level 1. HP: 16/16 MP: 1/1
   167 | D:1      | Reached skill level 1 in Stealth
   352 | D:1      | Reached XP level 2. HP: 24/24 MP: 2/2
  1237 | D:2      | Reached XP level 3. HP: 25/30 MP: 3/3
  1414 | D:2      | Found an opulent altar of Gozag.
  1457 | D:2      | Became a worshipper of Gozag Ym Sagoz the Greedy
  2409 | D:3      | Reached XP level 4. HP: 38/38 MP: 4/4
  2994 | D:3      | Found a blossoming altar of Fedhas.
  3135 | D:4      | Found a burning altar of Makhleb.
  3160 | D:4      | Reached skill level 1 in Evocations
  3183 | D:3      | Reached XP level 5. HP: 38/45 MP: 5/5
  3560 | D:4      | Found a glowing golden altar of the Shining One.
  3561 | D:4      | Found a basalt altar of Yredelemnul.
  3672 | D:4      | Reached XP level 6. HP: 51/52 MP: 6/6
  3727 | D:4      | Found a hide-covered altar of Uskayaw.
  3770 | D:5      | Entered Level 5 of the Dungeon
  3965 | D:5      | Found a runed translucent door.
  3966 | D:5      | Noticed Crazy Yiuf
  4182 | D:5      | Reached skill level 5 in Fighting
  4251 | D:5      | Reached skill level 5 in Unarmed Combat
  4251 | D:5      | Your scales start taking on a pale cyan-grey colour.
  4251 | D:5      | Reached XP level 7. HP: 57/61 MP: 7/7
  4251 | D:5      | Gained mutation: You are immune to the effects of steam.
                  | [Pale Draconian growth]
  4612 | D:5      | Noticed Sigmund
  4614 | D:5      | Killed Sigmund
  4739 | D:5      | Found a transporter.
  4744 | D:5      | Found a transporter.
  4757 | D:5      | Reached XP level 8. HP: 73/73 MP: 8/8
  4868 | D:5      | Found Efuresm's Specific Store.
  4871 | D:5      | Found Horchuy's General Store.
  4879 | D:5      | Bought a scroll of fear for 56 gold pieces
  4879 | D:5      | Bought a wand of acid (3) for 176 gold pieces
  4968 | D:6      | Noticed Dowan
  4969 | D:6      | Noticed Duvessa
  5143 | D:6      | Killed Duvessa
  5200 | D:6      | Killed Dowan
  5563 | D:6      | Reached skill level 1 in Throwing
  5587 | D:6      | Found a shimmering altar of Xom.
  5600 | D:6      | Found an iron altar of Okawaru.
  6104 | D:7      | Found a staircase to the Ecumenical Temple.
  6172 | D:7      | Reached XP level 9. HP: 54/81 MP: 9/9
  6516 | D:7      | Found Tyicwipp's General Store.
  6525 | D:7      | Bought a scroll of teleportation for 36 gold pieces
  6525 | D:7      | Bought a potion of haste for 120 gold pieces
  6525 | D:7      | Bought a scroll of teleportation for 36 gold pieces
  6650 | D:8      | Reached skill level 5 in Evocations
  6753 | D:8      | Reached skill level 5 in Dodging
  6811 | D:8      | Found a flagged portal.
  6842 | Bailey   | Entered a bailey
  6874 | Bailey   | Reached XP level 10. HP: 90/90 MP: 10/10
  7060 | Bailey   | Found a burning altar of Makhleb.
  7070 | Bailey   | Identified the +9 trident of Conservatism {freeze, rC+ rN+
                  | Int+3}
  7175 | D:8      | Found a broken altar of Ashenzari.
  7367 | D:8      | Found a broken altar of Ashenzari.
  7854 | D:9      | Reached skill level 10 in Fighting
  7896 | D:9      | Found a staircase to the Lair.
  7930 | D:9      | Reached skill level 10 in Unarmed Combat
  8521 | D:10     | Entered Level 10 of the Dungeon
  8718 | D:10     | Found Ihaikh's Tiny Tomes.
  8756 | D:10     | Reached XP level 11. HP: 69/100 MP: 11/11
  8926 | D:10     | Noticed Erica
  8930 | D:10     | Killed Erica
  8971 | D:10     | Found a stormy altar of Qazlal.
  8974 | D:10     | Found a shimmering blue altar of Sif Muna.
  9246 | D:11     | Found a radiant altar of Vehumet.
  9290 | D:11     | Found a staircase to the Orcish Mines.
  9290 | D:11     | Found Geuppot's Weapon Shoppe.
  9332 | D:11     | Found Gaekifur's Armour Shoppe.
  9392 | D:11     | Noticed a boulder beetle
  9444 | D:11     | Killed a boulder beetle
 10148 | D:11     | Noticed a two-headed ogre
 10156 | D:11     | Killed a two-headed ogre
 10578 | Lair:1   | Entered Level 1 of the Lair of Beasts
 10653 | Lair:1   | Noticed a catoblepas
 10669 | Lair:1   | Killed a catoblepas
 10670 | Lair:1   | Reached skill level 4 in Shapeshifting
 10716 | Lair:1   | Reached skill level 5 in Shapeshifting
 10935 | Lair:1   | Reached skill level 6 in Shapeshifting
 10935 | Lair:1   | Reached XP level 12. HP: 51/112 MP: 12/12
 11388 | Lair:1   | Reached skill level 7 in Shapeshifting
 11668 | Lair:2   | Identified the +2 war axe of the Thieving Asp {spect, Int+3
                  | Dex+3}
 11686 | Lair:2   | You fall into a shaft and drop 2 floors!
 11787 | Lair:4   | Reached skill level 8 in Shapeshifting
 11938 | Lair:3   | Noticed Nergalle
 12104 | Lair:3   | Noticed a boulder beetle
 12144 | Lair:3   | Noticed a death yak
 12144 | Lair:3   | Noticed a death yak
 12148 | Lair:3   | Reached skill level 9 in Shapeshifting
 12154 | Lair:3   | Killed a death yak
 12216 | Lair:3   | Killed a death yak
 12291 | Lair:3   | Killed a boulder beetle
 12329 | Lair:3   | Reached skill level 10 in Shapeshifting
 12456 | Lair:3   | Noticed a boulder beetle
 12479 | Lair:3   | Killed a boulder beetle
 12509 | Lair:3   | Noticed Gastronok
 12797 | Lair:3   | Killed Gastronok
 12975 | Lair:2   | Reached skill level 11 in Shapeshifting
 13027 | Lair:2   | Found a staircase to the Shoals.
 13057 | Lair:2   | Found a staircase to the Snake Pit.
 13153 | D:11     | Bought a +2 pair of boots for 214 gold pieces
 13399 | Lair:2   | Reached XP level 13. HP: 85/118 MP: 13/13
 13766 | Lair:2   | Reached skill level 12 in Shapeshifting
 14343 | Lair:3   | Bought a +0 cloak of willpower for 195 gold pieces
 15078 | Lair:4   | Found a transporter.
 15423 | Lair:4   | Found a runed translucent door.
 15615 | Lair:4   | Found a viscous altar of Jiyva.
 15615 | Lair:4   | Found a staircase to the Slime Pits.
 15654 | Lair:4   | Noticed Okey's ghost (journeyman DDFi)
 15662 | Lair:4   | Found a transporter.
 15668 | Lair:4   | Found a bloodstained altar of Trog.
 15741 | Lair:4   | Identified the +7 war axe of Jothrupnu {protect, rElec
                  | Dex+6 SInv}
 15924 | Lair:5   | Entered Level 5 of the Lair of Beasts
 16066 | Lair:5   | Bought a scroll of identify for 60 gold pieces
 16066 | Lair:5   | Bought a scroll of identify for 60 gold pieces
 16066 | Lair:5   | Bought a scroll of identify for 60 gold pieces
 16279 | Lair:5   | Reached XP level 14. HP: 121/132 MP: 14/14
 16353 | Lair:5   | Identified a scroll of acquirement
 16354 | Lair:5   | Acquired a manual of Dodging
 17122 | Lair:5   | Reached skill level 15 in Fighting
 17170 | Lair:5   | Reached skill level 10 in Dodging
 17616 | Lair:5   | Bought a ring of protection from fire for 400 gold pieces
 17763 | Lair:3   | Killed Nergalle
 17911 | D:12     | Reached skill level 15 in Unarmed Combat
 18206 | D:12     | Found a transporter.
 18215 | D:12     | Noticed Josephine
 18221 | D:12     | Killed Josephine
 18235 | D:12     | Noticed Myibo's ghost (journeyman MiBe)
 18263 | D:12     | Found a transporter.
 19165 | D:13     | Found a transporter.
 19177 | D:13     | Noticed flestrin's ghost (journeyman GrFi)
 19192 | D:13     | Found a transporter.
 19215 | D:13     | Reached XP level 15. HP: 95/141 MP: 15/15
 19434 | D:13     | You fall into a shaft and drop 2 floors!
 19434 | D:15     | Entered Level 15 of the Dungeon
 19475 | D:15     | Found a gate leading to a gauntlet.
 19482 | Gauntlet | Entered a Gauntlet
 19482 | Gauntlet | Found a transporter.
 19482 | Gauntlet | Found a transporter.
 19483 | Gauntlet | Found a transporter.
 19485 | Gauntlet | Found a transporter.
 19486 | Gauntlet | Found a transporter.
 19496 | Gauntlet | Found a transporter.
 19498 | Gauntlet | Found a transporter.
 19500 | Gauntlet | Found a transporter.
 19510 | Gauntlet | Found a transporter.
 19601 | Gauntlet | Found a transporter.
 19615 | Gauntlet | Found a transporter.
 19625 | Gauntlet | Found a transporter.
 19800 | Gauntlet | Identified the +0 pair of gloves "Uruf" {Rampage rCorr
                  | Int+4 Stlth-}
 19824 | Gauntlet | Identified the +8 chain mail of Anubb {Str+5}
 19825 | Gauntlet | Got a leatherbound book
 20493 | Orc:1    | Entered Level 1 of the Orcish Mines
 20941 | Orc:2    | Entered Level 2 of the Orcish Mines
 21057 | Orc:2    | Found Iley's Antique Armour Boutique.
 21075 | Orc:2    | Found a staircase to the Elven Halls.
 21273 | Orc:2    | Noticed Urug
 21411 | Orc:2    | Killed Urug
 21684 | Orc:2    | Noticed Blork the orc
 21704 | Orc:2    | Killed Blork the orc
 21706 | Orc:2    | Found Yviopnic's Antique Armour Shoppe.
 21759 | Orc:2    | Found Bewnoc's Book Shoppe.
 21784 | Orc:2    | Found Geadar's General Store.
 21821 | Orc:2    | Bought a scroll of enchant armour for 120 gold pieces
 21821 | Orc:2    | Bought a potion of haste for 160 gold pieces
 21981 | Orc:2    | Found Egidiama's Antique Weapon Shoppe.
 22305 | D:14     | Found a runed translucent door.
 22305 | D:14     | Noticed Viosuam's ghost (journeyman GrEE)
 22374 | D:14     | Noticed Harold
 22374 | D:14     | Noticed Louise
 22389 | D:14     | Killed Louise
 22392 | D:14     | Killed Harold
 22830 | D:14     | Found a gate to the Vaults.
 23688 | D:15     | Noticed an emperor scorpion
 23710 | D:15     | Killed an emperor scorpion
 23774 | D:15     | Found a staircase to the Depths.
 24156 | Snake:1  | Entered Level 1 of the Snake Pit
 24322 | Snake:1  | Noticed Nikola
 24332 | Snake:1  | HP: 1/145 [Nikola/arc of chain lightning (108)]
 24348 | Snake:1  | Killed Nikola
 24747 | Snake:1  | Found a runed translucent gate.
 24747 | Snake:1  | Found a runed translucent gate.
 24747 | Snake:1  | Found a runed translucent gate.
 24748 | Snake:1  | Noticed Vorhees's ghost (adept GnDe)
 24811 | Snake:1  | You fall into a shaft and drop 1 floor!
 24823 | Snake:2  | Reached XP level 16. HP: 151/152 MP: 16/16
 25040 | Snake:2  | Noticed Vashnia
 25638 | Snake:2  | Noticed Azrael
 25647 | Snake:2  | Killed Azrael
 25897 | Snake:2  | Killed Vashnia
 26150 | Snake:2  | Noticed Agnes
 26187 | Snake:2  | Killed Agnes
 27663 | Snake:1  | Noticed Roxanne
 28497 | Snake:3  | Reached skill level 10 in Evocations
 29435 | Snake:4  | Entered Level 4 of the Snake Pit
 29815 | Snake:4  | Reached skill level 1 in Summonings
 29815 | Snake:4  | Reached skill level 1 in Air Magic
 29831 | Snake:4  | Reached skill level 1 in Spellcasting
 29968 | Snake:4  | Reached XP level 17. HP: 163/163 MP: 19/19
 29989 | Snake:4  | Learned a level 4 spell: Summon Lightning Spire
 29995 | Snake:4  | Learned a level 5 spell: Summon Forest
 30386 | Snake:4  | Identified the +2 broad axe "Qucviu" {freeze, Dex+2}
 30410 | Snake:4  | Bought a potion of might for 52 gold pieces
 31002 | Snake:4  | Reached skill level 5 in Air Magic
 31218 | Snake:4  | Reached skill level 5 in Summonings
 31361 | Snake:4  | Reached skill level 5 in Spellcasting
 31653 | Snake:4  | Reached skill level 1 in Translocations
 31760 | Snake:4  | Noticed a quicksilver dragon
 32036 | Snake:4  | Killed a quicksilver dragon
 32096 | Snake:4  | Got a serpentine rune of Zot
 32322 | Lair:2   | Bought a phantom mirror for 480 gold pieces
 32322 | Lair:2   | Bought a scroll of teleportation for 36 gold pieces
 32322 | Lair:2   | Bought a potion of curing for 36 gold pieces
 32336 | Shoals:1 | Entered Level 1 of the Shoals
 32341 | Shoals:1 | Identified the +6 war axe of Spores {flame, Dex+5}
 32350 | Shoals:1 | You fall into a shaft and drop 1 floor!
 32415 | Shoals:1 | Found a runed translucent door.
 32415 | Shoals:1 | Noticed Yohl's ghost (journeyman SpWr)
 32962 | Shoals:1 | Noticed a titan
 33363 | Shoals:1 | Reached skill level 5 in Translocations
 33531 | Shoals:2 | Found Ruredwir's One-of-a-Kind Rings.
 33595 | Shoals:2 | Bought a +5 ring of protection for 880 gold pieces
 33595 | Shoals:2 | Bought the ring "Bynalem" {Will+ AC+4} for 777 gold pieces
 33616 | Shoals:2 | Found Cakif's Jewellery Shoppe.
 33959 | Shoals:2 | Noticed a kraken
 33997 | Shoals:3 | Reached XP level 18. HP: 163/172 MP: 25/25
 35032 | Shoals:4 | Entered Level 4 of the Shoals
 35280 | Snake:1  | Killed Roxanne
 35334 | Snake:1  | Acquired 716 gold pieces
 35938 | Shoals:4 | Identified the +8 falchion of the Wary Emperors {heavy,
                  | rPois rF+ rCorr Str+6}
 36020 | Shoals:4 | Noticed Ilsuiw
 36046 | Shoals:4 | Killed Ilsuiw
 37015 | Shoals:4 | Reached skill level 13 in Shapeshifting
 37124 | Shoals:4 | Got a barnacled rune of Zot
 37439 | Shoals:4 | Identified the +0 dagger of the Maze {vamp, Drain +Blink
                  | rElec rPois}
 37635 | Vaults:1 | Entered Level 1 of the Vaults
 37973 | Vaults:1 | Identified the +3 orcbow of Tikuusen {freeze, MP+9 Str+2}
 38255 | Vaults:1 | Reached skill level 14 in Shapeshifting
 38718 | Vaults:1 | Reached XP level 19. HP: 166/179 MP: 26/26
 38926 | Vaults:1 | Got a thrumming book
 39030 | Vaults:1 | Reached skill level 15 in Shapeshifting
 39114 | Vaults:1 | Found Nihalili's Antique Weapon Shop.
 39128 | Vaults:1 | You fall into a shaft and drop 1 floor!
 39757 | Vaults:2 | Reached skill level 16 in Shapeshifting
 40212 | Vaults:2 | Found a staircase to the Crypt.
 40276 | Vaults:2 | Reached skill level 17 in Shapeshifting
 41510 | Vaults:1 | Reached skill level 18 in Shapeshifting
 41738 | Vaults:3 | Identified the +7 demon whip of the Gloaming {elec, *Rage
                  | rC+ Str+5}
 41740 | Vaults:3 | Reached XP level 20. HP: 187/187 MP: 27/27
 42380 | Vaults:3 | Reached skill level 19 in Shapeshifting
 43200 | Vaults:3 | Learned a level 2 spell: Blink
 43532 | Vaults:4 | Reached skill level 20 in Shapeshifting
 43687 | Vaults:4 | Noticed Xtahua
 43699 | Vaults:4 | Killed Xtahua
 43744 | Vaults:4 | Noticed Norris
 43768 | Vaults:4 | Killed Norris
 43810 | Vaults:4 | Noticed Sojobo
 43818 | Vaults:4 | Killed Sojobo
 44408 | Vaults:4 | Reached skill level 21 in Shapeshifting
 44658 | Vaults:4 | Reached XP level 21. HP: 194/194 MP: 26/28
 45374 | Lair:5   | Bought a storm talisman for 1819 gold pieces
 45722 | Vaults:4 | Bought the ring "Huapy" {rF+ Str+6 Dex+3} for 1294 gold
                  | pieces
 45948 | Depths:1 | Entered Level 1 of the Depths
 46113 | Elf:1    | Entered Level 1 of the Elven Halls
 46143 | Elf:1    | Learned a level 2 spell: Wereblood
 46199 | Elf:1    | Found a glowing silver altar of Zin.
 46199 | Elf:1    | Found a glowing golden altar of the Shining One.
 46199 | Elf:1    | Found a crumbling gateway.
 46220 | Elf:1    | Found a white marble altar of Elyvilon.
 46251 | Elf:1    | Reached skill level 1 in Transmutations
 46287 | Desolati | Entered the Desolation of Salt
 46360 | Desolati | Reached skill level 22 in Shapeshifting
 46558 | Desolati | Identified the ring "Zamittega" {Fire rPois rN++ rCorr
                  | Dex-3}
 46576 | Desolati | Identified the ring "Vezxeguh" {Fire rElec}
 46717 | Desolati | Identified the ring "Aduen" {rElec Will- AC+4 Str+7 Int-4}
 46780 | Desolati | Identified the +9 broad axe of Dithmenos, Screaming {flame,
                  | rC- Dex+4}
 46993 | Desolati | Got a moldy book
 47594 | Elf:1    | Got a thrumming book
 47723 | Elf:1    | Found a portal to a secret trove of treasure.
 48054 | Elf:1    | Found Cizxesk's Armour Shoppe.
 48109 | Elf:2    | Noticed Zenata
 48118 | Elf:2    | Killed Zenata
 48142 | Elf:2    | Reached skill level 23 in Shapeshifting
 48737 | Elf:2    | Found Bacissou's Tremendous Tomes.
 48822 | Elf:2    | Found a runed translucent gate.
 48822 | Elf:2    | Found a runed translucent gate.
 48822 | Elf:2    | Found a runed translucent gate.
 48911 | Elf:3    | Entered Level 3 of the Elven Halls
 49033 | Elf:3    | Noticed Bai Suzhen
 49047 | Elf:3    | Killed Bai Suzhen
 49204 | Elf:3    | Noticed Donald
 49216 | Elf:3    | Killed Donald
 49220 | Elf:3    | Reached XP level 22. HP: 192/203 MP: 27/29
 49254 | Elf:3    | Identified the ring of the Median {Fly EV+5 Stlth+}
 49922 | Elf:3    | Identified the +3 quarterstaff "Iphijar" {elec, Contam rN+
                  | rCorr}
 49935 | Elf:3    | Identified the amulet "Noygop" {Acrobat rN+++ Str+3 Int-3
                  | Dex+2}
 50078 | Elf:3    | Reached skill level 15 in Dodging
 50081 | Elf:3    | Identified the +3 robe of Yredelemnul's Esteem {*Slow Str+4
                  | Int+3}
 50112 | Elf:3    | Got an uncut book
 50119 | Elf:3    | Got an illuminated book
 50141 | Elf:3    | Identified the +3 war axe of Hawueren {vamp, Will+ Str-3
                  | Dex+5}
 50652 | Depths:1 | Found a runed translucent gate.
 50664 | Depths:1 | Found a runed translucent gate.
 50665 | Depths:1 | Found a runed translucent gate.
 50673 | Depths:1 | Noticed Pojesatusi's ghost (adept HOMo)
 51014 | Depths:1 | Found a one-way gate leading to the halls of Pandemonium.
 51084 | Depths:1 | Found a gateway to Hell.
 51144 | Depths:1 | Found a shimmering blue altar of Sif Muna.
 51567 | Elf:1    | You paid a toll of 18 potions of curing to enter a treasure
                  | trove
 51568 | Trove    | Entered a treasure trove
 51578 | Trove    | Identified the ring of Heresy {rPois rF+ Int+7 Dex+6}
 51909 | Depths:2 | Found an ornate altar of the Wu Jian Council.
 53031 | Depths:3 | Found an ancient bone altar of Kikubaaqudgha.
 53054 | Depths:3 | Reached skill level 5 in Transmutations
 53197 | Depths:3 | Noticed Margery
 53200 | Depths:3 | Reached XP level 23. HP: 192/215 MP: 28/30
 53208 | Depths:3 | Killed Margery
 53536 | Depths:3 | Noticed Vv
 53637 | Depths:4 | Entered Level 4 of the Depths
 53744 | Depths:4 | Found a one-way gateway to a ziggurat.
 53787 | Depths:4 | Found a gate to the Realm of Zot.
 54447 | Depths:4 | Found Ismiptuu's Jewellery Shop.
 54447 | Depths:4 | Found Cociati's Book Shoppe.
 54448 | Depths:4 | Found Jouqikk's Book Shoppe.
 54906 | Crypt:1  | Entered Level 1 of the Crypt
 55167 | Crypt:1  | Identified the amulet "Bos Waff" {rPois Regen+ Dex+3}
 55224 | Crypt:1  | Identified the +2 falchion of the Kissing Genius {venom,
                  | rC- rN+ Str+6 Int+3}
 56410 | Crypt:3  | Entered Level 3 of the Crypt
 56502 | Crypt:3  | Found a staircase to the Tomb.
 56891 | Crypt:3  | Found a basalt altar of Yredelemnul.
 57115 | Crypt:3  | Identified the ring "Galimunt" {rF+ rN+ Str+5 Slay+2}
 57120 | Crypt:3  | Noticed a dread lich
 57135 | Crypt:3  | Killed a dread lich
 57365 | Crypt:3  | Noticed a curse toe
 57369 | Crypt:3  | Killed a curse toe
 57560 | Crypt:3  | Noticed a curse toe
 57568 | Crypt:3  | Killed a curse toe
 57569 | Crypt:3  | Reached XP level 24. HP: 228/228 MP: 30/30
 57682 | Crypt:3  | Found the +0 pair of fencer's gloves {Riposte Dex+3}
 57829 | Crypt:3  | Learned a level 1 spell: Apportation
 57831 | Crypt:3  | Identified the ring "Rawn" {rN+ Str+3}
 57845 | Crypt:3  | Identified the +1 helmet "Pefug" {Int+3}
 57847 | Crypt:3  | Got a colourful book
 57847 | Crypt:3  | Got a foxed book
 57849 | Crypt:3  | Noticed an ancient lich
 57853 | Crypt:3  | Identified the ring of Vixanet {rN+ Dex+3}
 57921 | Crypt:2  | Found an ancient bone altar of Kikubaaqudgha.
 58097 | Vaults:5 | Entered Level 5 of the Vaults
 58113 | Vaults:5 | Noticed a dread lich
 58204 | Vaults:5 | Killed a dread lich
 58226 | Vaults:5 | Identified the +7 whip "Tattletale" {flame, rElec Int+3
                  | Dex+3}
 58227 | Vaults:5 | Identified the +4 great mace of Wisdom {freeze, Fragile
                  | Will++ Str+2}
 58684 | Vaults:5 | Identified the ring of Xom's Amusement {Ice Contam Int+3
                  | Stlth+}
 58985 | Vaults:5 | Identified the staff "Earthworm" {Int+5 Earth}
 59075 | Vaults:5 | Identified the +10 shortbow of Zin's Condemnation {heavy,
                  | rCorr Dex+6}
 59076 | Vaults:5 | Identified the staff "Qesk" {Fly rElec rN+ MP-9 Necro}
 59425 | Vaults:5 | Got a clothbound book
 59632 | Vaults:5 | Got a silver rune of Zot
 59940 | Vaults:4 | Bought the amulet of the Devil's Advocate {Acrobat Drain
                  | Will+++ Str+7} for 1704 gold pieces
 60367 | Zot:1    | Entered Level 1 of the Realm of Zot
 62118 | Zot:4    | Found a shimmering altar of Xom.
 62118 | Zot:4    | Found a shimmering altar of Xom.
 62134 | Zot:4    | Noticed a Killer Klown
 62141 | Zot:4    | Noticed a Killer Klown
 62144 | Zot:4    | Killed a Killer Klown
 62146 | Zot:4    | Noticed a Killer Klown
 62192 | Zot:4    | Killed a Killer Klown
 62203 | Zot:4    | Killed a Killer Klown
 62415 | Zot:4    | Reached XP level 25. HP: 200/236 MP: 30/30
 62586 | Zot:5    | Entered Level 5 of the Realm of Zot
 63305 | Zot:5    | Noticed an orb of fire
 63305 | Zot:5    | Noticed a Killer Klown
 63309 | Zot:5    | Noticed an orb of fire
 63309 | Zot:5    | Noticed an orb of fire
 63317 | Zot:5    | Killed a Killer Klown
 63322 | Zot:5    | Killed an orb of fire
 63330 | Zot:5    | Killed an orb of fire
 63368 | Zot:5    | Got the Orb of Zot
 63413 | Zot:5    | Noticed Cuvyz the pandemonium lord
 63427 | Zot:5    | Noticed Giyriuco the pandemonium lord
 63913 | D:7      | Noticed Soodof the pandemonium lord
 63913 | D:7      | Noticed an ancient lich
 64006 | D:1      | Noticed Noyveuss the pandemonium lord
 64006 | D:1      | Noticed an ancient lich
 64018 | D:$      | Escaped with the Orb!

Illustrated notes

Levels and vault maps discovered:
D:1:      dpeg_arrival_round_c, layout_basic, minmay_tromino_v7
D:2:      layout_loops_corners, basic_altar, amcnicky_mini_corridor_feature
D:3:      layout_loops_ring, fedhas_altar_4, wad_orctagon
D:4:      layout_rooms, mainiacjoe_overflow_alcove_1,
          chequers_temple_overflow_statue_of_worship, kennysheep_crisscross,
          nicolae_elevator_lobby_plus
D:5:      gammafunk_steamed_eel, layout_rooms, nicolae_specific_store,
          minmay_fractal_squares_5, uniq_sigmund, uniq_crazy_yiuf_cottage
D:6:      layout_basic, jmf_multi_god_temple, uniq_duvessa
D:7:      layout_basic, minmay_temple_entry_butterflies, serial_shops,
          nicolae_square_shop, grunt_decor_cap
D:8:      layout_rooms, nicolae_ashenzari_skybound, enter_bailey_4,
          kennysheep_small_circle
D:9:      layout_basic, due_lair_maze_entry_diamond, minmay_misc_feat_rugged
D:10:     layout_rooms, nicolae_overflow_squiral,
          nicolae_shop_i_like_small_books_too, uniq_erica
D:11:     layout_layer_cave, orc_david_3, fiery_altar_vehumet
D:12:     layout_cave_pools, nzn_ghost_randoct, serial_park,
          serial_park_avenue1, serial_park_tiny_1, serial_park_tiny_pond,
          serial_park_tiny_pond, serial_park_tiny_2, uniq_josephine
D:13:     layout_loops_ring, gammafunk_ghost_stat_death
D:14:     layout_irregular_city, erik_vaults_1, chequers_serial_rivers_micro_e,
          gammafunk_ghost_grave, sword_in_stone
D:15:     hangedman_depths_entry_try_elsewhere_first, layout_long_grid,
          gauntlet_entry_generic, hangedman_decor_clover_reticule
Lair:1:   layout_loops_ring
Lair:2:   layout_loops_ring, shoals_dummy_entry, guppyfry_snake_entry_island,
          pdpol_lair_cavern_descent
Lair:3:   layout_cellular_growth, grunt_megastairs_1, uniq_gastronok,
          uniq_nergalle
Lair:4:   dreamdust_labyrinth, layout_gridlike, dpeg_slime_entry_enclosed,
          gammafunk_ghost_wrathful_warriors, beast_lair_carwin_3
Lair:5:   hangedman_lair_caniforms_friends, layout_long_grid,
          hangedman_lair_tendril_chambers, special_room [special_room_bee]
Shoals:1: cheibrodos_shoals_gigantism, layout_shoals, gammafunk_ghost_grave,
          nicolae_shoals_so_close
Shoals:2: nicolae_shoals_lighthouse, layout_shoals, nicolae_stop_n_shop_2,
          nicolae_shop_unique_rings
Shoals:3: layout_shoals
Shoals:4: shoals_end_hangedman, layout_shoals, shoal_ilsuiw
Snake:1:  layout_grid_maze, gammafunk_ghost_necromancy, grunt_ministairs_3,
          drop_trap, serial_bayou_lagoon_a, uniq_roxanne, uniq_nikola
Snake:2:  nicolae_snake_crotalidae_crossing, layout_cave_pods,
          grunt_megastairs_5, uniq_vashnia, uniq_agnes, uniq_azrael
Snake:3:  layout_misc_corridors, nicolae_snake_lava_pool, serial_bayou_shore_b,
          grunt_megastairs_2
Snake:4:  hellmonk_snake_rune_quicksilver_temple, layout_misc_corridors,
          nicolae_snake_scaly_snakehead
Orc:1:    layout_caves
Orc:2:    grunt_orc_cross, layout_diamond_mine, serial_shops,
          nicolae_shop_back_alley_shop
Elf:1:    nicolae_elf_arrival_no_cutting_in_line, layout_gridlike, serial_shops,
          nicolae_shop_back_alley_shop, enter_trove_6,
          portal_desolation_entry_holy_temple, minmay_elf_annihilation
Elf:2:    elven_hall_of_blades_hangedman_original [nicolae_blade_little_rooms],
          layout_loops_corners, minivault_19, nicolae_shop_i_like_big_books,
          corexii_checkpoint_a, hangedman_corner_corridor, uniq_zenata
Elf:3:    minmay_elf_hall_furrowed, layout_loops_corners, uniq_bai_suzhen,
          uniq_donald
Vaults:1: ontoclasm_vaults_twist, v_misc_25, nicolae_vaults_more_shelving_1,
          vaults_mumra_lcd, v_misc_29, hangedman_vaults_stitches,
          vaults_room_hangedman_quadrants, nicolae_vaults_mini_display_case,
          layout_vaults_omnigrid, serial_shops, nicolae_shop_overgrown_old_shop
Vaults:2: st_cells, ontoclasm_vaults_ligature, v_misc_4, v_misc_1,
          nicolae_vaults_little_ls, nicolae_vaults_network_square,
          blue_anna_dwarven_crypt, vaults_room_pool, nicolae_vaults_alarming,
          nicolae_vaults_trapezoid_lopsided_3, vaults_dpeg_cross,
          nicolae_vaults_prndl, hangedman_vaults_capsules,
          hangedman_vaults_nails, ontoclasm_vaults_idyll,
          nicolae_vaults_trapezoid_lopsided_3, nicolae_vaults_tetromino_T_1,
          nicolae_vaults_diagonal_hallway_9, layout_vaults_omnicross
Vaults:3: nicolae_vaults_storage_closets_2, nicolae_vaults_network_star,
          nicolae_vaults_diamond_1, nicolae_vaults_sightless_eye,
          vaults_room_large_hall, nicolae_vaults_apartment_1,
          layout_vaults_chaotic_city
Vaults:4: nicolae_vaults_corpse_flower, vaults_room_semicircle,
          hangedman_vaults_slither, grunt_vaults_hallway_short,
          hangedman_vaults_stagger, nicolae_vaults_storage_room_doors,
          v_pattern_4, nicolae_vaults_offset_grid_hallway_2,
          ontoclasm_vaults_misaligned, v_rooms_4,
          nicolae_vaults_trapezoid_lopsided_4, nicolae_vaults_layer_cake_slice,
          vaults_mumra_chevron, v_rooms_3, nicolae_vaults_closet_pinwheel_4,
          layout_vaults_maze, uniq_norris, uniq_xtahua, uniq_sojobo
Vaults:5
Crypt:1:  layout_misc_corridors
Crypt:2:  layout_regular_city, lemuel_upstairs_altar, grunt_megastairs_3
Crypt:3:  david_glass_crypt, layout_chaotic_city,
          nicolae_tomb_entry_grand_gallery, hangedman_blasphemy
Depths:1: layout_cave_pools, gammafunk_ghost_split, rand_demon_pan_entry_9,
          hell_entry, nicolae_figureground_sparkle,
          nicolae_sif_muna_condensation, serial_bayou_shore_b
Depths:2: minmay_inside_and_out, layout_long_grid,
          pdpol_wu_jian_five_deadly_venoms, rand_demon_pan_entry_3, hell_entry,
          minmay_staircase_bubble
Depths:3: gammafunk_mikee_crab_dinner, layout_cave_pools, hell_entry,
          abyss_entry_small_statue_room, pan_entry, old_standard_altar,
          uniq_margery, uniq_vv
Depths:4: evilmike_zot_entry_basic, layout_honeycomb, enter_ziggurat_f,
          hell_entry, chequers_serial_rivers_small_3, minmay_shop_grove
Zot:1:    layout_gridlike, uniq_parghit, uniq_tiamat
Zot:2:    lemuel_firehouse, layout_onion
Zot:3:    layout_basic
Zot:4:    dreamdust_zin_vs_xom, layout_gridlike, lemuel_elevator
Zot:5:    layout_basic

Skill      XL: |  1  2  3  4  5  6  7  8  9 10 11 12 13 14 15 16 17 18 19 20 21 22 23 24 25 |
---------------+----------------------------------------------------------------------------+-----
Stealth        | 1 2 |  2.0
Fighting       | 2 3 4 5 7 8 10 12 14 15 16 18 19 21 22 | 22.2
Unarmed Combat | 4 5 6 8 10 12 13 15 16 18 19 21 22 | 22.0
Evocations     | 2 3 5 7 10 | 10.0
Throwing       | 2 |  2.0
Dodging        | 2 5 8 12 14 15 17 20 | 20.9
Shapeshifting  | 6 11 12 14 18 21 23 | 23.0
Summonings     | 1 7 9 |  9.0
Air Magic      | 2 7 |  7.0
Spellcasting   | 1 5 |  5.0
Translocations | 6 9 |  9.0
Transmutations | 4 5 6 |  6.0

Action                     |  1- 3 |  4- 6 |  7- 9 | 10-12 | 13-15 | 16-18 | 19-21 | 22-24 | 25-27 || total
---------------------------+-------+-------+-------+-------+-------+-------+-------+-------+-------++-------
  Melee: Unarmed           |    85 |   138 |   150 |   512 |  1116 |  1305 |  1189 |  1081 |   112 ||  5688
         Tailslap          |    13 |    16 |    30 |    97 |   200 |   222 |   194 |       |       ||   772
         Dagger            |     3 |       |       |     5 |       |       |       |       |       ||     8
         Punch             |     1 |     6 |    16 |    62 |   115 |   166 |   179 |   148 |    15 ||   708
  Throw: Dart              |     6 |     8 |     2 |    46 |       |       |     1 |       |       ||    63
   Cast: Summon Lightning  |       |       |       |       |       |    17 |    15 |     2 |       ||    34
         Summon Forest     |       |       |       |       |       |    13 |    23 |       |       ||    36
         Wereblood         |       |       |       |       |       |       |     6 |    25 |     2 ||    33
         Blink             |       |       |       |       |       |       |       |     2 |     1 ||     3
         Apportation       |       |       |       |       |       |       |       |    58 |    14 ||    72
 Invoke: Call Merchant     |       |       |       |       |     4 |     2 |     1 |       |       ||     7
         Potion Petition   |       |       |       |       |     2 |       |     4 |     1 |       ||     7
         Bribe Branch      |       |       |       |       |       |       |       |     1 |     2 ||     3
Ability: Breathe Steam     |       |       |    29 |    37 |    50 |    24 |     1 |       |       ||   141
         Blinkbolt         |       |       |       |       |       |       |    21 |    84 |    14 ||   119
  Evoke: Wand              |       |     2 |     2 |    16 |    35 |    38 |     5 |     5 |     4 ||   107
         Phial of floods   |       |       |       |       |     3 |     2 |     3 |     1 |       ||     9
         Lightning rod     |       |       |       |       |     7 |    21 |    15 |    10 |       ||    53
         Tin of tremorston |       |       |       |       |     2 |     9 |     3 |     3 |       ||    17
         Phantom mirror    |       |       |       |       |       |     2 |     1 |       |       ||     3
    Use: Scroll            |     8 |     1 |     5 |     6 |    23 |    12 |    10 |     7 |    13 ||    85
         Potion            |     1 |       |       |       |     7 |     8 |     6 |    14 |     5 ||    41
   Stab: Sleeping          |     5 |     2 |     1 |     2 |     8 |    16 |     7 |     6 |       ||    47
         Distracted        |       |     1 |     2 |     1 |     5 |    13 |    20 |    18 |     1 ||    61
         Paralysed         |       |       |       |    19 |     4 |     4 |       |       |       ||    27
         Invisible         |       |       |       |       |     3 |       |     2 |    13 |       ||    18
         Petrifying        |       |       |       |       |       |       |       |     1 |       ||     1
 Armour: Skin              |    35 |    72 |    75 |   311 |   708 |   874 |   972 |   230 |    34 ||  3311
  Dodge: Dodged            |    42 |    69 |    73 |   352 |   758 |   926 |  1168 |  1060 |   111 ||  4559
  Block: Buckler           |       |       |       |       |       |       |     1 |       |       ||     1
   Form: Blade             |       |       |       |     3 |       |       |       |       |       ||     3
         Beast             |       |       |       |     2 |       |       |       |       |       ||     2
         Statue            |       |       |       |       |       |       |     1 |       |       ||     1
         Storm             |       |       |       |       |       |       |     1 |       |       ||     1

Table legend: (Time is in decaauts)
 A = Elapsed time spent in this place.
 B = Non-inter-level travel time spent in this place.
 C = Inter-level travel time spent in this place.
 D = Time resting spent in this place.
 E = Time spent auto-exploring this place.
 F = Levels seen in this place.
 G = Mean time per level.
                   A        B        C        D        E       F      G
               +--------+--------+--------+--------+--------+-----+--------+
         Total |  65383 |  58555 |   6828 |   4966 |  39044 |  54 | 1210.8 |
       Dungeon |  15892 |  13741 |   2151 |   1398 |   8911 |  15 | 1059.5 |
          Lair |   7817 |   6876 |    941 |    548 |   4385 |   5 | 1563.4 |
        Shoals |   4818 |   4561 |    257 |    255 |   3170 |   4 | 1204.5 |
     Snake Pit |   8064 |   7739 |    325 |   1316 |   4712 |   4 | 2016.0 |
  Orcish Mines |   1740 |   1452 |    288 |    121 |    926 |   2 |  870.0 |
   Elven Halls |   3458 |   2951 |    507 |     37 |   2340 |   3 | 1152.7 |
        Vaults |  12099 |  10917 |   1182 |    283 |   8206 |   5 | 2419.8 |
         Crypt |   2973 |   2820 |    153 |    140 |   2115 |   3 |  991.0 |
        Depths |   3913 |   3383 |    530 |      7 |   2725 |   4 |  978.2 |
           Zot |   3019 |   2529 |    490 |    852 |    751 |   5 |  603.8 |
         Trove |     41 |     41 |      0 |      0 |      6 |   1 |   41.0 |
        Bailey |    259 |    259 |      0 |      0 |    130 |   1 |  259.0 |
    Desolation |    913 |    913 |      0 |      3 |    489 |   1 |  913.0 |
      Gauntlet |    370 |    370 |      0 |      4 |    176 |   1 |  370.0 |
               +--------+--------+--------+--------+--------+-----+--------+

Top non-repeatable levels by time:
Vaults:4: 2962 daAuts
Vaults:2: 2678 daAuts
 Snake:4: 2421 daAuts
Vaults:1: 2404 daAuts
Vaults:3: 2354 daAuts
 Snake:2: 2190 daAuts
 Snake:1: 1975 daAuts
  Lair:3: 1905 daAuts
    D:11: 1777 daAuts
Shoals:4: 1772 daAuts
Vaults:5: 1698 daAuts
  Lair:5: 1665 daAuts
  Lair:4: 1614 daAuts
    D:14: 1487 daAuts
 Snake:3: 1478 daAuts
